 Dungeon Crawl Stone Soup version 0.27.0-1-g7a089689b8 (webtiles) character file.

Game seed: 17555031940663097734

57 pkoi the Chopper (level 3, -1/30 HPs)
             Began as a Minotaur Gladiator on Aug 6, 2021.
             Splashed by Ijyb's acid (16 damage)
             ... on level 3 of the Dungeon.
             The game lasted 00:02:57 (2162 turns).

pkoi the Chopper (Minotaur Gladiator)               Turns: 2162, Time: 00:02:58

Health: -1/30      AC:  3    Str: 19    XL:     3   Next: 73%
Magic:  11/11      EV: 12    Int:  8    God:
Gold:   102        SH:  0    Dex: 11    Spells: 2/2 levels left

rFire    . . .     SeeInvis .   a - +0 war axe
rCold    . . .     Faith    .   (no shield)
rNeg     . . .     Spirit   .   o - +0 leather armour
rPois    .         Reflect  .   c - +0 hat
rElec    .         Harm     .   (no cloak)
rCorr    .         Rampage  .   (no gloves)
Will     .....                  (no boots)
Stlth    +.........             (no amulet)
HPRegen  0.10/turn              f - ring of flight
MPRegen  0.12/turn              p - ring of Otid {+Blink MP+9 Int+3}

@: flying
A: horns 2, retaliatory headbutt
a: Evoke Blink


You were on level 3 of the Dungeon.
You visited 1 branch of the dungeon, and saw 3 of its levels.

You collected 135 gold pieces.
You spent 33 gold pieces at shops.

Inventory:

Hand Weapons
 a - a +0 war axe (weapon)
 b - a +0 shortbow
Missiles
 d - 3 throwing nets (quivered)
Armour
 c - a +0 hat (worn)
 o - a +0 leather armour (worn)
Jewellery
 f - a ring of flight (left hand)
 p - the ring of Otid (right hand) {+Blink MP+9 Int+3}
   (You acquired it on level 3 of the Dungeon)

   [ring of magical power]

   Int:       It affects your intelligence (+3).
   MP:        It affects your magic capacity (+9).
   +Blink:    It lets you blink.
Scrolls
 e - a scroll of teleportation {unknown}
 k - a scroll of blinking {unknown}
 m - a scroll of magic mapping {unknown}
 n - a scroll of identify {unknown}
Potions
 g - 2 potions of curing
 h - a potion of might {unknown}
 i - a potion of brilliance {unknown}
 j - 2 potions of heal wounds {unknown}
 l - a potion of resistance {unknown}
 q - a potion of invisibility {unknown}


   Skills:
 - Level 2.4 Fighting
 + Level 5.6 Axes
 + Level 0.4 Bows
 - Level 2.0 Throwing
 - Level 3.2 Dodging


You had 2 spell levels left.
You didn't know any spells.
Your spell library contained the following spells:

 Spells                   Type           Power      Damage    Failure   Level
 Corpse Rot               Necr/Air       N/A        N/A       61%         2
 Poisonous Vapours        Pois/Air       0%         N/A       61%         2
 Static Discharge         Conj/Air       0%         N/A       61%         2
 Dispel Undead            Necr           0%         3d6       99%         4
 Olgreb's Toxic Radiance  Pois           0%         N/A       99%         4
 Sticky Flame             Conj/Fire      0%         2d3       99%         4
 Freezing Cloud           Conj/Ice/Air   0%         6-21      100%        5
 Ozocubu's Refrigeration  Ice            0%         4d5       100%        7
 Ignition                 Fire           0%         3d3       100%        8


Dungeon Overview and Level Annotations

Branches:
Dungeon (3/15)

Altars:

Shops:
D:1 !

Annotations:
D:3 Ijyb


Innate Abilities, Weirdness & Mutations

You have a pair of horns on your head.
You reflexively headbutt those who attack you in melee.


Message History

Done exploring.
Done exploring.
Okay, then.
Unknown command.
(D) Dungeon
Where to? (Enter - D:2, ? - help)
There is a stone staircase leading down here.
You fly downwards.
There is a stone staircase leading up here.
This is a scroll of acquirement!
Something appears at your feet!
p - the ring of Otid {+Blink MP+9 Int+3}
Okay, then.
Unknown command.
Unknown command.
Unknown command.
Unknown command.
You feel your magic capacity increase.
You feel clever.
p - the ring of Otid (right hand) {+Blink MP+9 Int+3} Unknown command.
Okay, then.
Unknown command.
Unknown command.
Magic restored.
You stumble into a teleport trap!
You are suddenly yanked towards some nearby monsters!
Your surroundings suddenly seem different.
Ijyb the Twisted Goblin comes into view.
She is wielding a +0 club and carrying a wand of acid (7).
Ijyb shouts!
A worm comes into view.
A dart slug comes into view.
Found 16 gold pieces and a blue potion.
You closely miss Ijyb. You headbutt Ijyb, but do no damage.
Ijyb closely misses you.
Unknown command.
You hit Ijyb but do no damage.
Ijyb zaps a wand.
The bolt of acid hits you!
Ouch! That really hurt!
You are splashed with acid!
Ouch! That really hurt!
You die...

#.# .... .#
#<#
#...####.#
#.#
+........##
#.#
#.........#
...
#.w....w..#
...
#.........#
.####
#.......# .
#..@....#
..
#..g....#
#.......#
#.....!.#
#.......#
#########


You could see Ijyb, a worm and a dart slug.

Vanquished Creatures
  A gnoll (D:1)
  2 dart slugs
  2 ball pythons
  2 endoplasms
  2 giant cockroaches (D:1)
  5 goblins
  2 hobgoblins
  4 jackals (D:1)
  7 kobolds
  2 quokkas (D:1)
  A bat (D:1)
  5 frilled lizards
  5 rats
40 creatures vanquished.

Notes
Turn   | Place    | Note
-------+----------+-------------------------------------------
     0 | D:1      | pkoi the Minotaur Gladiator began the quest for the Orb.
     0 | D:1      | Reached XP level 1. HP: 18/18 MP: 0/0
    37 | D:1      | Reached skill level 4 in Axes
   211 | D:1      | Reached XP level 2. HP: 25/25 MP: 1/1
   343 | D:1      | Found Domeadgh's Distillery.
   434 | D:1      | Bought a potion of curing for 33 gold pieces
   496 | D:1      | Reached skill level 5 in Axes
   496 | D:1      | Reached XP level 3. HP: 13/30 MP: 2/2
  2082 | D:3      | Identified a scroll of acquirement
  2082 | D:3      | Acquired the ring of Otid {+Blink MP+9 Int+3}
  2160 | D:3      | Noticed Ijyb
  2162 | D:3      | Splashed by Ijyb's acid

Illustrated notes

Levels and vault maps discovered:
D:1:      scummos_arrival_hexagon, layout_basic, serial_shops,
          nicolae_shop_statue_plus
D:2:      layout_basic, chequers_decorated_corner
D:3:      layout_basic, gammafunk_ghost_split, cheibrodos_gnoll_hut,
          uniq_jessica, uniq_ijyb

Skill      XL: |  1  2 |
---------------+-------+-----
Axes           | 4 5 |  5.6
Fighting       | |  2.4
Bows           | |  0.4
Throwing       | |  2.0
Dodging        | |  3.2

Action                   || total
-------------------------++-------
Melee: War axe           ||    77
       Headbutt          ||     8
  Use: Scroll            ||     1
Armor: Leather armour    ||    28
Dodge: Dodged            ||    54
